Devils vs Flyers

Created - March 28, 2015 at 11:09

Goals
1 2 3 OT1 SO T
Devils 0 1 1 0 0 2
Flyers 0 1 1 0 1 3
Shots
1 2 3 OT1 SO T
Devils 8 10 18 2 3 38
Flyers 11 7 13 3 3 34

1st period

No Goal

Penalties :
Willie Mitchell (NJD) for Boarding (Minor) at 0:38, Matt Donovan (NJD) for Hooking (Minor) at 7:38, Kyle Brodziak (PHI) for Hooking (Minor) at 10:28

2nd period

1. Flyers , Kyle Brodziak 14 (Tom Gilbert, Mike Santorelli) at 4:08 (PP)
2. Devils , Justin Schultz 14 (Wayne Simmonds, Willie Mitchell) at 8:34 (PP)

Penalties :
Marc-Edouard Vlasic (NJD) for Holding (Minor) at 3:20, Joel Ward (PHI) for Interference (Minor) at 7:15, Mike Ribeiro (PHI) for Holding Stick (Minor) at 9:54, Carlo Colaiacovo (PHI) for Hooking (Minor) at 14:44

3rd period

3. Flyers , Mark Fistric 5 (Nathan Gerbe, Tom Gilbert) at 2:04
4. Devils , Wayne Simmonds 21 (Trevor Daley, Marc-Edouard Vlasic) at 8:47

Penalties :
Dan Boyle (PHI) for Tripping (Minor) at 2:40

Overtime #1

No Goal

Penalties :
No Penalty

Shootout

Penalty Shot by Steve Ott for Devils - Stopped by Craig Anderson
Penalty Shot by Mike Ribeiro for Flyers - Shot Misses the Net
Penalty Shot by Wayne Simmonds for Devils - Stopped by Craig Anderson
Penalty Shot by Kyle Brodziak for Flyers - Stopped by Michal Neuvirth
Penalty Shot by Scott Hartnell for Devils - Stopped by Craig Anderson
Penalty Shot by Daniel Sedin for Flyers - Goal!

Penalties :
No Penalty

Goalie Stats

Michal Neuvirth (NJD), 32 saves from 34 shots - (0.941), OTL, 3-14-3, 65:00 minutes
Craig Anderson (PHI), 36 saves from 38 shots - (0.947), W, 17-11-1, 65:00 minutes

Players Stats for Devils

Player Name              G  A  P  +/- PIM S  H  SB GA TA FO     MP     PP MP  PK MP  
------------------------------------------------------------------------------------
Ales Hemsky              0  0  0   0  0   2  0  0  0  0  1/2    11:42   0:00   0:00 
Darren Helm              0  0  0   0  0   1  0  1  0  0  11/20  22:19   4:26   1:37 
Jamie McGinn             0  0  0   0  0   2  1  0  0  0  0/0    11:29   0:00   0:00 
Johan Franzen            0  0  0   0  0   4  0  0  0  0  2/2    18:44   0:00   0:00 
Justin Schultz           1  0  1  -1  0   4  0  1  0  0  0/0    23:16   4:28   2:33 
Marc-Edouard Vlasic      0  1  1   1  2   2  2  2  0  0  0/0    26:41   4:47   1:49 
Mark Fayne               0  0  0   0  0   0  0  0  0  0  0/0     4:36   0:00   0:00 
Matt Donovan             0  0  0   0  2   2  1  3  0  0  0/0    10:01   0:00   0:00 
Michal Rozsival          0  0  0   0  0   0  1  0  0  0  0/0    11:40   0:00   1:38 
Patrick Wiercioch        0  0  0   0  0   1  0  0  0  0  0/0     4:36   0:00   0:00 
Scott Hartnell           0  0  0   0  0   1  5  0  0  0  1/4    23:29   4:49   1:37 
Scottie Upshall          0  0  0   0  0   4  2  0  0  0  0/1    21:00   4:49   0:00 
Steve Ott                0  0  0   0  0   0  2  0  0  0  3/4    11:58   4:26   3:09 
Tommy Wingels            0  0  0   0  0   0  3  0  0  0  7/18   16:11   0:00   0:00 
Trevor Daley             0  1  1   1  0   5  1  1  0  0  0/0    27:06   4:47   2:13 
Tyler Johnson            0  0  0   0  0   2  0  0  0  0  18/32  22:07   4:49   3:09 
Wayne Simmonds           1  1  2   0  0   5  0  1  0  0  1/4    26:15   4:26   0:00 
Willie Mitchell          0  1  1  -1  2   3  4  1  0  0  0/0    22:01   4:28   1:19 

Players Stats for Flyers

Player Name              G  A  P  +/- PIM S  H  SB GA TA FO     MP     PP MP  PK MP  
------------------------------------------------------------------------------------
Aaron Ness               0  0  0  -1  0   0  1  1  0  0  0/0    16:36   0:00   1:33 
Brian Gibbons            0  0  0   1  0   2  2  0  0  0  2/9    11:20   0:16   0:45 
Carlo Colaiacovo         0  0  0  -1  2   0  3  2  0  0  0/0    18:27   0:00   3:39 
Damien Brunner           0  0  0  -1  0   1  1  0  0  0  0/2    15:34   0:00   0:17 
Dan Boyle                0  0  0   0  2   0  2  3  0  0  0/0    28:26   1:49   3:51 
Daniel Sedin             0  0  0   0  0   5  0  0  0  0  3/6    26:27   1:48   2:56 
Dany Heatley             0  0  0   1  0   0  0  0  0  0  1/1    10:19   0:00   0:00 
Gabriel Bourque          0  0  0   0  0   1  0  0  0  0  0/1     8:09   0:16   0:46 
Joel Ward                0  0  0   0  2   1  0  0  0  0  2/2    20:30   1:48   4:56 
Kyle Brodziak            1  0  1  -1  2   6  5  0  0  0  19/31  25:05   2:42   3:58 
Mark Fistric             1  0  1   1  0   3  2  4  0  0  0/0    20:06   2:57   4:54 
Mike Ribeiro             0  0  0   0  2   4  0  0  0  0  10/21  20:52   1:48   2:09 
Mike Santorelli          0  1  1  -1  0   5  1  0  0  0  1/4    17:59   2:42   0:00 
Nathan Gerbe             0  1  1   1  0   1  1  0  0  0  0/3    13:33   0:00   2:43 
Olli Jokinen             0  0  0   0  0   0  0  0  0  0  5/7    10:54   2:58   0:00 
Philip Larsen            0  0  0   0  0   0  0  0  0  0  0/0     0:03   0:00   0:03 
Ryan Ellis               0  0  0   0  0   1  3  2  0  0  0/0    24:39   1:49   0:00 
Tom Gilbert              0  2  2   1  0   4  0  2  0  0  0/0    21:41   2:57   4:30 

3 Stars

1 - Mark Fistric (PHI)
2 - Wayne Simmonds (NJD)
3 - Craig Anderson (PHI)

Power Play

Devils - 1 on 5 Attempt(s) - 20.00%
Flyers - 1 on 3 Attempt(s) - 33.33%

Penalty Kill

Devils - 2 on 3 Attempt(s) - 66.67% - Score 0 goal in Penalty Kill
Flyers - 4 on 5 Attempt(s) - 80.00% - Score 0 goal in Penalty Kill

Team Stat

Devils - Hits : 22 - Faceoff Wins : 44 - Blocked Shots : 10 - Penalty Minutes : 6
Flyers - Hits : 21 - Faceoff Wins : 43 - Blocked Shots : 14 - Penalty Minutes : 10

Official

Referees : Kevin Pollock and Stephen Walkom
Linesman : Mike Cvik and David Brisebois

Game Notes

No Game Note

Finance

Level 1 -- Attendance: 6194 (95.29%) -- Ticket Income $619,400
Level 2 -- Attendance: 5000 (100.00%) -- Ticket Income $350,000
Level 3 -- Attendance: 3500 (100.00%) -- Ticket Income $140,000
Level 4 -- Attendance: 2806 (79.33%) -- Ticket Income $61,732
Luxury Box -- Attendance: 945 (94.50%) -- Ticket Income $189,000
Game was played at the Wells Fargo Center'
Total Attendance: 18445 (94.41%)
Total Ticket Income: $1,360,132
Other Income: $204,020
Total Income: $1,564,152

% Time on Ice - Devils

Lines # - Real PCT - Wanted PCT - Time Play
Normal Forward
1 - 33% - 36% - 14:59
2 - 35% - 31% - 16:11
3 - 24% - 20% - 11:04
4 - 8% - 13% - 3:45
Normal Defense
1 - 38% - 40% - 17:25
2 - 31% - 30% - 14:10
3 - 21% - 20% - 9:48
4 - 10% - 10% - 4:36
PP Forward
1 - 48% - 60% - 4:26
2 - 52% - 40% - 4:49
PP Defense
1 - 52% - 60% - 4:47
2 - 48% - 40% - 4:28
PK Forward
1 - 66% - 60% - 3:09
2 - 34% - 40% - 1:37
PK Defense
1 - 47% - 60% - 2:13
2 - 53% - 40% - 2:33
PK3 Forward
1 - 0% - 60%
2 - 0% - 40%
PK3 Defense
1 - 0% - 60%
2 - 0% - 40%
44 Forward
1 - 83% - 60% - 4:08
2 - 17% - 40% - 0:52
44 Defense
1 - 58% - 60% - 2:55
2 - 42% - 40% - 2:05
Last Minute Offensive  - 0:00
Last Minute Defensive  - 0:00
Total
Forward - 65:00
Defense - 65:00

% Time on Ice - Flyers

Lines # - Real PCT - Wanted PCT - Time Play
Normal Forward
1 - 30% - 40% - 13:47
2 - 33% - 35% - 15:17
3 - 14% - 20% - 6:36
4 - 22% - 5% - 10:19
Normal Defense
1 - 43% - 45% - 20:00
2 - 32% - 30% - 14:49
3 - 22% - 15% - 10:19
4 - 2% - 10% - 0:51
PP Forward
1 - 38% - 60% - 1:48
2 - 62% - 40% - 2:58
PP Defense
1 - 38% - 60% - 1:49
2 - 62% - 40% - 2:57
PK Forward
1 - 68% - 60% - 6:19
2 - 32% - 40% - 2:56
PK Defense
1 - 52% - 60% - 4:48
2 - 48% - 40% - 4:27
PK3 Forward
1 - 0% - 60%
2 - 0% - 40%
PK3 Defense
1 - 0% - 60%
2 - 0% - 40%
44 Forward
1 - 73% - 60% - 3:40
2 - 27% - 40% - 1:20
44 Defense
1 - 61% - 60% - 3:04
2 - 39% - 40% - 1:56
Last Minute Offensive  - 0:00
Last Minute Defensive  - 0:00
Total
Forward - 65:00
Defense - 65:00

Play by Play

1st period


0:01 of 1st period - Joel Ward wins face-off versus Darren Helm in neutral zone.
0:26 of 1st period - Shot by Joel Ward.
0:26 of 1st period - Stopped by Michal Neuvirth without a rebound.
0:27 of 1st period - Kyle Brodziak wins face-off versus Tommy Wingels in Devils zone.
0:27 of 1st period - Kyle Brodziak is hit by Willie Mitchell.
0:32 of 1st period - Mike Santorelli is hit by Willie Mitchell and loses puck.
0:38 of 1st period - Minor Penalty to Willie Mitchell for Boarding.
0:39 of 1st period - Mike Ribeiro wins face-off versus Tyler Johnson in Devils zone.
1:02 of 1st period - Shot by Dan Boyle.
1:02 of 1st period - Shot Blocked by Justin Schultz.
1:21 of 1st period - Shot by Dan Boyle.
1:21 of 1st period - Shot Blocked by Marc-Edouard Vlasic.
1:23 of 1st period - Shot by Mike Ribeiro.
1:23 of 1st period - Shot Misses the Net.
1:39 of 1st period - Shot by Mark Fistric.
1:39 of 1st period - Stopped by Michal Neuvirth without a rebound.
1:40 of 1st period - Kyle Brodziak wins face-off versus Scott Hartnell in Devils zone.
2:25 of 1st period - Shot by Darren Helm.
2:25 of 1st period - Stopped by Craig Anderson with a rebound.
2:27 of 1st period - Shot by Scott Hartnell.
2:27 of 1st period - Shot Blocked by Tom Gilbert.
3:18 of 1st period - Shot by Nathan Gerbe.
3:18 of 1st period - Shot Misses the Net.
3:52 of 1st period - Carlo Colaiacovo is hit by Marc-Edouard Vlasic.
4:45 of 1st period - Shot by Scottie Upshall.
4:45 of 1st period - Shot Misses the Net.
4:47 of 1st period - Shot by Scottie Upshall.
4:47 of 1st period - Shot Misses the Net.
4:49 of 1st period - Shot by Willie Mitchell.
4:49 of 1st period - Stopped by Craig Anderson without a rebound.
4:50 of 1st period - Tyler Johnson wins face-off versus Damien Brunner in Flyers zone.
4:53 of 1st period - Shot by Jamie McGinn.
4:53 of 1st period - Stopped by Craig Anderson without a rebound.
4:54 of 1st period - Tyler Johnson wins face-off versus Kyle Brodziak in Flyers zone.
4:57 of 1st period - Shot by Tyler Johnson.
4:57 of 1st period - Stopped by Craig Anderson with a rebound.
5:18 of 1st period - Shot by Mark Fistric.
5:18 of 1st period - Shot Misses the Net.
5:22 of 1st period - Shot by Mike Santorelli.
5:22 of 1st period - Shot Blocked by Matt Donovan.
5:26 of 1st period - Shot by Kyle Brodziak.
5:26 of 1st period - Stopped by Michal Neuvirth with a rebound.
5:30 of 1st period - Shot by Damien Brunner.
5:30 of 1st period - Shot Misses the Net.
5:32 of 1st period - Shot by Kyle Brodziak.
5:32 of 1st period - Stopped by Michal Neuvirth without a rebound.
5:33 of 1st period - Darren Helm wins face-off versus Olli Jokinen in Devils zone.
6:05 of 1st period - Shot by Johan Franzen.
6:05 of 1st period - Stopped by Craig Anderson without a rebound.
6:06 of 1st period - Kyle Brodziak wins face-off versus Tommy Wingels in Flyers zone.
6:21 of 1st period - Kyle Brodziak is hit by Scottie Upshall and loses puck.
6:30 of 1st period - Shot by Scottie Upshall.
6:30 of 1st period - Stopped by Craig Anderson without a rebound.
6:31 of 1st period - Darren Helm wins face-off versus Mike Ribeiro in Flyers zone.
7:30 of 1st period - Mike Santorelli is hit by Matt Donovan and loses puck.
7:38 of 1st period - Minor Penalty to Matt Donovan for Hooking.
7:39 of 1st period - Tyler Johnson wins face-off versus Kyle Brodziak in Devils zone.
7:56 of 1st period - Shot by Tyler Johnson.
7:56 of 1st period - Shot Misses the Net.
8:21 of 1st period - Icing by Kyle Brodziak.
8:22 of 1st period - Steve Ott wins face-off versus Kyle Brodziak in Flyers zone.
8:50 of 1st period - Icing by Tom Gilbert.
8:51 of 1st period - Daniel Sedin wins face-off versus Tyler Johnson in Flyers zone.
9:06 of 1st period - Shot by Mike Ribeiro.
9:06 of 1st period - Stopped by Michal Neuvirth without a rebound.
9:07 of 1st period - Scott Hartnell wins face-off versus Mike Ribeiro in Devils zone.
9:32 of 1st period - Shot by Daniel Sedin.
9:32 of 1st period - Deflect By Mike Ribeiro.
9:32 of 1st period - Stopped by Michal Neuvirth without a rebound.
9:33 of 1st period - Kyle Brodziak wins face-off versus Scott Hartnell in Devils zone.
9:48 of 1st period - Tommy Wingels is hit by Brian Gibbons and loses puck.
10:28 of 1st period - Minor Penalty to Kyle Brodziak for Hooking.
10:29 of 1st period - Darren Helm wins face-off versus Brian Gibbons in Flyers zone.
11:06 of 1st period - Icing by Marc-Edouard Vlasic.
11:07 of 1st period - Darren Helm wins face-off versus Nathan Gerbe in Devils zone.
11:49 of 1st period - Icing by Tyler Johnson.
11:50 of 1st period - Tyler Johnson wins face-off versus Mike Ribeiro in Devils zone.
12:34 of 1st period - Shot by Wayne Simmonds.
12:34 of 1st period - Deflect By Johan Franzen.
12:34 of 1st period - Stopped by Craig Anderson with a rebound.
12:48 of 1st period - Shot by Mike Santorelli.
12:48 of 1st period - Stopped by Michal Neuvirth without a rebound.
12:49 of 1st period - Tyler Johnson wins face-off versus Olli Jokinen in Devils zone.
13:53 of 1st period - Shot by Kyle Brodziak.
13:53 of 1st period - Deflect By Mike Santorelli.
13:53 of 1st period - Shot Misses the Net.
14:05 of 1st period - Shot by Mike Santorelli.
14:05 of 1st period - Stopped by Michal Neuvirth without a rebound.
14:06 of 1st period - Tommy Wingels wins face-off versus Brian Gibbons in Devils zone.
14:15 of 1st period - Shot by Scottie Upshall.
14:15 of 1st period - Shot Misses the Net.
14:18 of 1st period - Icing by Nathan Gerbe.
14:19 of 1st period - Dany Heatley wins face-off versus Tommy Wingels in Flyers zone.
14:19 of 1st period - Dany Heatley is hit by Scott Hartnell.
14:24 of 1st period - Brian Gibbons is hit by Tommy Wingels.
14:44 of 1st period - Shot by Scott Hartnell.
14:44 of 1st period - Shot Misses the Net.
15:46 of 1st period - Daniel Sedin is hit by Trevor Daley.
17:31 of 1st period - Shot by Ryan Ellis.
17:31 of 1st period - Shot Blocked by Matt Donovan.
17:33 of 1st period - Shot by Ryan Ellis.
17:33 of 1st period - Stopped by Michal Neuvirth with a rebound.
17:47 of 1st period - Shot by Tommy Wingels.
17:47 of 1st period - Shot Hit the Post.
17:49 of 1st period - Shot by Matt Donovan.
17:49 of 1st period - Stopped by Craig Anderson without a rebound.
17:50 of 1st period - Darren Helm wins face-off versus Nathan Gerbe in Flyers zone.
17:59 of 1st period - Shot by Tom Gilbert.
17:59 of 1st period - Stopped by Michal Neuvirth with a rebound.
18:41 of 1st period - Shot by Mike Santorelli.
18:41 of 1st period - Stopped by Michal Neuvirth without a rebound.
18:42 of 1st period - Tommy Wingels wins face-off versus Kyle Brodziak in Devils zone.
18:42 of 1st period - Tommy Wingels is hit by Damien Brunner.
18:50 of 1st period - Scott Hartnell is hit by Kyle Brodziak and loses puck.
18:56 of 1st period - Tommy Wingels is hit by Ryan Ellis and loses puck.
19:00 of 1st period - Scott Hartnell is hit by Dan Boyle and loses puck.
19:10 of 1st period - Scott Hartnell is hit by Ryan Ellis and loses puck.
Goals for this period are 0 for Devils vs 0 for Flyers.
Shots for this period are 8 for Devils vs 11 for Flyers.

2nd period


0:01 of 2nd period - Mike Ribeiro wins face-off versus Darren Helm in neutral zone.
0:06 of 2nd period - Icing by Marc-Edouard Vlasic.
0:07 of 2nd period - Mike Ribeiro wins face-off versus Darren Helm in Devils zone.
0:49 of 2nd period - Shot by Johan Franzen.
0:49 of 2nd period - Shot Misses the Net.
1:30 of 2nd period - Dan Boyle is hit by Scott Hartnell and loses puck.
2:01 of 2nd period - Shot by Ales Hemsky.
2:01 of 2nd period - Stopped by Craig Anderson with a rebound.
2:03 of 2nd period - Shot by Ales Hemsky.
2:03 of 2nd period - Shot Blocked by Ryan Ellis.
2:51 of 2nd period - Shot by Damien Brunner.
2:51 of 2nd period - Shot Blocked by Trevor Daley.
3:20 of 2nd period - Minor Penalty to Marc-Edouard Vlasic for Holding.
3:21 of 2nd period - Tyler Johnson wins face-off versus Gabriel Bourque in Devils zone.
3:36 of 2nd period - Shot by Brian Gibbons.
3:36 of 2nd period - Stopped by Michal Neuvirth without a rebound.
3:37 of 2nd period - Kyle Brodziak wins face-off versus Tyler Johnson in Devils zone.
3:38 of 2nd period - Shot by Olli Jokinen.
3:38 of 2nd period - Shot Hit the Post.
3:40 of 2nd period - Shot by Mark Fistric.
3:40 of 2nd period - Stopped by Michal Neuvirth without a rebound.
3:41 of 2nd period - Tyler Johnson wins face-off versus Kyle Brodziak in Devils zone.
4:04 of 2nd period - Shot by Tom Gilbert.
4:04 of 2nd period - Shot Misses the Net.
4:08 of 2nd period - Shot by Kyle Brodziak.
4:08 of 2nd period - Goal by Kyle Brodziak - Devils : 0 - Flyers : 1.
4:09 of 2nd period - Brian Gibbons wins face-off versus Darren Helm in neutral zone.
6:03 of 2nd period - Shot by Mike Santorelli.
6:03 of 2nd period - Stopped by Michal Neuvirth without a rebound.
6:04 of 2nd period - Tyler Johnson wins face-off versus Kyle Brodziak in Devils zone.
6:22 of 2nd period - Icing by Ryan Ellis.
6:23 of 2nd period - Steve Ott wins face-off versus Mike Santorelli in Flyers zone.
7:15 of 2nd period - Minor Penalty to Joel Ward for Interference.
7:16 of 2nd period - Kyle Brodziak wins face-off versus Tyler Johnson in Flyers zone.
7:55 of 2nd period - Shot by Marc-Edouard Vlasic.
7:55 of 2nd period - Stopped by Craig Anderson with a rebound.
8:34 of 2nd period - Shot by Justin Schultz.
8:34 of 2nd period - Goal by Justin Schultz - Devils : 1 - Flyers : 1.
8:35 of 2nd period - Tyler Johnson wins face-off versus Mike Ribeiro in neutral zone.
8:43 of 2nd period - Icing by Aaron Ness.
8:44 of 2nd period - Mike Ribeiro wins face-off versus Scottie Upshall in Flyers zone.
9:05 of 2nd period - Shot by Scottie Upshall.
9:05 of 2nd period - Stopped by Craig Anderson without a rebound.
9:06 of 2nd period - Kyle Brodziak wins face-off versus Wayne Simmonds in Flyers zone.
9:23 of 2nd period - Shot by Kyle Brodziak.
9:23 of 2nd period - Stopped by Michal Neuvirth without a rebound.
9:24 of 2nd period - Tyler Johnson wins face-off versus Mike Ribeiro in Devils zone.
9:37 of 2nd period - Shot by Daniel Sedin.
9:37 of 2nd period - Shot Misses the Net.
9:39 of 2nd period - Shot by Mike Ribeiro.
9:39 of 2nd period - Shot Misses the Net.
9:41 of 2nd period - Shot by Tom Gilbert.
9:41 of 2nd period - Stopped by Michal Neuvirth with a rebound.
9:43 of 2nd period - Shot by Mark Fistric.
9:43 of 2nd period - Shot Misses the Net.
9:49 of 2nd period - Shot by Daniel Sedin.
9:49 of 2nd period - Shot Misses the Net.
9:54 of 2nd period - Minor Penalty to Mike Ribeiro for Holding Stick.
9:55 of 2nd period - Kyle Brodziak wins face-off versus Darren Helm in Flyers zone.
10:28 of 2nd period - Shot by Wayne Simmonds.
10:28 of 2nd period - Stopped by Craig Anderson with a rebound.
10:30 of 2nd period - Shot by Marc-Edouard Vlasic.
10:30 of 2nd period - Stopped by Craig Anderson without a rebound.
10:31 of 2nd period - Daniel Sedin wins face-off versus Tyler Johnson in Flyers zone.
10:31 of 2nd period - Daniel Sedin is hit by Scottie Upshall.
11:16 of 2nd period - Shot by Justin Schultz.
11:16 of 2nd period - Stopped by Craig Anderson without a rebound.
11:17 of 2nd period - Darren Helm wins face-off versus Kyle Brodziak in Flyers zone.
11:24 of 2nd period - Shot by Wayne Simmonds.
11:24 of 2nd period - Shot Misses the Net.
11:28 of 2nd period - Shot by Trevor Daley.
11:28 of 2nd period - Stopped by Craig Anderson with a rebound.
11:57 of 2nd period - Icing by Ryan Ellis.
11:58 of 2nd period - Olli Jokinen wins face-off versus Tommy Wingels in Flyers zone.
13:09 of 2nd period - Tyler Johnson is hit by Carlo Colaiacovo and loses puck.
13:15 of 2nd period - Tyler Johnson is hit by Carlo Colaiacovo and loses puck.
13:22 of 2nd period - Shot by Tyler Johnson.
13:22 of 2nd period - Shot Misses the Net.
13:24 of 2nd period - Shot by Justin Schultz.
13:24 of 2nd period - Stopped by Craig Anderson without a rebound.
13:25 of 2nd period - Johan Franzen wins face-off versus Brian Gibbons in Flyers zone.
13:45 of 2nd period - Shot by Darren Helm.
13:45 of 2nd period - Shot Misses the Net.
13:47 of 2nd period - Shot by Marc-Edouard Vlasic.
13:47 of 2nd period - Shot Misses the Net.
13:49 of 2nd period - Shot by Darren Helm.
13:49 of 2nd period - Shot Blocked by Mark Fistric.
14:03 of 2nd period - Icing by Wayne Simmonds.
14:04 of 2nd period - Wayne Simmonds wins face-off versus Kyle Brodziak in Devils zone.
14:08 of 2nd period - Trevor Daley is hit by Kyle Brodziak and loses puck.
14:15 of 2nd period - Shot by Darren Helm.
14:15 of 2nd period - Shot Misses the Net.
14:44 of 2nd period - Minor Penalty to Carlo Colaiacovo for Hooking.
14:45 of 2nd period - Tyler Johnson wins face-off versus Kyle Brodziak in Flyers zone.
15:54 of 2nd period - Shot by Darren Helm.
15:54 of 2nd period - Shot Misses the Net.
15:56 of 2nd period - Shot by Marc-Edouard Vlasic.
15:56 of 2nd period - Shot Blocked by Mark Fistric.
15:58 of 2nd period - Shot by Marc-Edouard Vlasic.
15:58 of 2nd period - Shot Blocked by Mark Fistric.
16:00 of 2nd period - Shot by Trevor Daley.
16:00 of 2nd period - Stopped by Craig Anderson without a rebound.
16:01 of 2nd period - Kyle Brodziak wins face-off versus Tyler Johnson in Flyers zone.
16:41 of 2nd period - Icing by Willie Mitchell.
16:42 of 2nd period - Daniel Sedin wins face-off versus Tyler Johnson in Devils zone.
16:54 of 2nd period - Steve Ott is hit by Ryan Ellis and loses puck.
16:58 of 2nd period - Icing by Dan Boyle.
16:59 of 2nd period - Olli Jokinen wins face-off versus Darren Helm in Flyers zone.
17:26 of 2nd period - Shot by Daniel Sedin.
17:26 of 2nd period - Stopped by Michal Neuvirth without a rebound.
17:27 of 2nd period - Tyler Johnson wins face-off versus Mike Santorelli in Devils zone.
17:27 of 2nd period - Tyler Johnson is hit by Kyle Brodziak.
17:54 of 2nd period - Jamie McGinn is hit by Mark Fistric and loses puck.
17:59 of 2nd period - Shot by Tyler Johnson.
17:59 of 2nd period - Shot Misses the Net.
18:01 of 2nd period - Shot by Tyler Johnson.
18:01 of 2nd period - Shot Blocked by Tom Gilbert.
18:03 of 2nd period - Shot by Matt Donovan.
18:03 of 2nd period - Shot Blocked by Mark Fistric.
18:15 of 2nd period - Tommy Wingels is hit by Kyle Brodziak and loses puck.
18:22 of 2nd period - Kyle Brodziak is hit by Tommy Wingels and loses puck.
18:46 of 2nd period - Shot by Scott Hartnell.
18:46 of 2nd period - Shot Misses the Net.
18:48 of 2nd period - Shot by Scott Hartnell.
18:48 of 2nd period - Shot Misses the Net.
19:10 of 2nd period - Mike Ribeiro is hit by Tommy Wingels and loses puck.
19:37 of 2nd period - Icing by Ryan Ellis.
19:38 of 2nd period - Tyler Johnson wins face-off versus Mike Ribeiro in Flyers zone.
Goals for this period are 1 for Devils vs 1 for Flyers.
Shots for this period are 10 for Devils vs 7 for Flyers.

3rd period


0:01 of 3rd period - Darren Helm wins face-off versus Mike Ribeiro in neutral zone.
0:09 of 3rd period - Off-side.
0:10 of 3rd period - Mike Ribeiro wins face-off versus Tommy Wingels in neutral zone.
0:54 of 3rd period - Shot by Mike Ribeiro.
0:54 of 3rd period - Stopped by Michal Neuvirth with a rebound.
1:01 of 3rd period - Icing by Marc-Edouard Vlasic.
1:02 of 3rd period - Tommy Wingels wins face-off versus Kyle Brodziak in Devils zone.
1:38 of 3rd period - Icing by Wayne Simmonds.
1:39 of 3rd period - Darren Helm wins face-off versus Brian Gibbons in Devils zone.
1:58 of 3rd period - Shot by Brian Gibbons.
1:58 of 3rd period - Shot Blocked by Willie Mitchell.
2:00 of 3rd period - Shot by Tom Gilbert.
2:00 of 3rd period - Stopped by Michal Neuvirth with a rebound.
2:02 of 3rd period - Shot by Nathan Gerbe.
2:02 of 3rd period - Stopped by Michal Neuvirth with a rebound.
2:04 of 3rd period - Shot by Mark Fistric.
2:04 of 3rd period - Goal by Mark Fistric - Devils : 1 - Flyers : 2.
2:05 of 3rd period - Joel Ward wins face-off versus Tyler Johnson in neutral zone.
2:12 of 3rd period - Daniel Sedin is hit by Jamie McGinn and loses puck.
2:27 of 3rd period - Shot by Jamie McGinn.
2:27 of 3rd period - Shot Blocked by Dan Boyle.
2:29 of 3rd period - Shot by Michal Rozsival.
2:29 of 3rd period - Shot Blocked by Dan Boyle.
2:31 of 3rd period - Shot by Michal Rozsival.
2:31 of 3rd period - Shot Misses the Net.
2:40 of 3rd period - Minor Penalty to Dan Boyle for Tripping.
2:41 of 3rd period - Kyle Brodziak wins face-off versus Wayne Simmonds in Flyers zone.
2:41 of 3rd period - Kyle Brodziak is hit by Steve Ott.
3:40 of 3rd period - Shot by Justin Schultz.
3:40 of 3rd period - Stopped by Craig Anderson without a rebound.
3:41 of 3rd period - Tyler Johnson wins face-off versus Daniel Sedin in Flyers zone.
3:41 of 3rd period - Tyler Johnson is hit by Aaron Ness.
3:43 of 3rd period - Shot by Willie Mitchell.
3:43 of 3rd period - Stopped by Craig Anderson without a rebound.
3:44 of 3rd period - Tyler Johnson wins face-off versus Daniel Sedin in Flyers zone.
3:57 of 3rd period - Tom Gilbert is hit by Scott Hartnell and loses puck.
4:06 of 3rd period - Shot by Scott Hartnell.
4:06 of 3rd period - Shot Misses the Net.
4:10 of 3rd period - Shot by Scott Hartnell.
4:10 of 3rd period - Stopped by Craig Anderson without a rebound.
4:11 of 3rd period - Kyle Brodziak wins face-off versus Darren Helm in Flyers zone.
4:56 of 3rd period - Shot by Tyler Johnson.
4:56 of 3rd period - Stopped by Craig Anderson without a rebound.
4:57 of 3rd period - Olli Jokinen wins face-off versus Tommy Wingels in Flyers zone.
5:37 of 3rd period - Shot by Olli Jokinen.
5:37 of 3rd period - Shot Misses the Net.
6:38 of 3rd period - Icing by Mark Fistric.
6:39 of 3rd period - Tyler Johnson wins face-off versus Brian Gibbons in Flyers zone.
6:39 of 3rd period - Tyler Johnson is hit by Mark Fistric.
6:43 of 3rd period - Shot by Jamie McGinn.
6:43 of 3rd period - Stopped by Craig Anderson without a rebound.
6:44 of 3rd period - Mike Ribeiro wins face-off versus Tyler Johnson in Flyers zone.
6:48 of 3rd period - Icing by Tom Gilbert.
6:49 of 3rd period - Tyler Johnson wins face-off versus Mike Ribeiro in Flyers zone.
6:52 of 3rd period - Shot by Ales Hemsky.
6:52 of 3rd period - Stopped by Craig Anderson without a rebound.
6:53 of 3rd period - Darren Helm wins face-off versus Mike Ribeiro in Flyers zone.
6:53 of 3rd period - Trevor Daley is hit by Dan Boyle and loses puck.
6:56 of 3rd period - Shot by Wayne Simmonds.
6:56 of 3rd period - Shot Misses the Net.
7:06 of 3rd period - Shot by Wayne Simmonds.
7:06 of 3rd period - Deflect By Darren Helm.
7:06 of 3rd period - Shot Blocked by Dan Boyle.
7:08 of 3rd period - Shot by Johan Franzen.
7:08 of 3rd period - Shot Misses the Net.
7:10 of 3rd period - Shot by Trevor Daley.
7:10 of 3rd period - Stopped by Craig Anderson without a rebound.
7:11 of 3rd period - Tommy Wingels wins face-off versus Damien Brunner in Flyers zone.
7:14 of 3rd period - Shot by Tommy Wingels.
7:14 of 3rd period - Shot Blocked by Aaron Ness.
7:16 of 3rd period - Shot by Tommy Wingels.
7:16 of 3rd period - Shot Blocked by Carlo Colaiacovo.
7:18 of 3rd period - Shot by Justin Schultz.
7:18 of 3rd period - Shot Blocked by Carlo Colaiacovo.
7:20 of 3rd period - Shot by Scottie Upshall.
7:20 of 3rd period - Stopped by Craig Anderson without a rebound.
7:21 of 3rd period - Darren Helm wins face-off versus Daniel Sedin in Flyers zone.
7:32 of 3rd period - Shot by Johan Franzen.
7:32 of 3rd period - Shot Misses the Net.
7:34 of 3rd period - Shot by Trevor Daley.
7:34 of 3rd period - Stopped by Craig Anderson with a rebound.
7:42 of 3rd period - Shot by Wayne Simmonds.
7:42 of 3rd period - Deflect By Johan Franzen.
7:42 of 3rd period - Stopped by Craig Anderson without a rebound.
7:43 of 3rd period - Tommy Wingels wins face-off versus Kyle Brodziak in Flyers zone.
7:44 of 3rd period - Shot by Scott Hartnell.
7:44 of 3rd period - Shot Misses the Net.
7:57 of 3rd period - Icing by Scottie Upshall.
7:58 of 3rd period - Mike Ribeiro wins face-off versus Tommy Wingels in Devils zone.
8:12 of 3rd period - Shot by Daniel Sedin.
8:12 of 3rd period - Stopped by Michal Neuvirth without a rebound.
8:13 of 3rd period - Kyle Brodziak wins face-off versus Darren Helm in Devils zone.
8:47 of 3rd period - Shot by Wayne Simmonds.
8:47 of 3rd period - Goal by Wayne Simmonds - Devils : 2 - Flyers : 2.
8:48 of 3rd period - Tommy Wingels wins face-off versus Mike Ribeiro in neutral zone.
9:03 of 3rd period - Shot by Scott Hartnell.
9:03 of 3rd period - Shot Misses the Net.
9:13 of 3rd period - Shot by Scott Hartnell.
9:13 of 3rd period - Shot Misses the Net.
9:59 of 3rd period - Shot by Brian Gibbons.
9:59 of 3rd period - Shot Blocked by Marc-Edouard Vlasic.
10:19 of 3rd period - Shot by Dany Heatley.
10:19 of 3rd period - Shot Blocked by Wayne Simmonds.
10:24 of 3rd period - Johan Franzen is hit by Nathan Gerbe and loses puck.
10:54 of 3rd period - Shot by Jamie McGinn.
10:54 of 3rd period - Shot Misses the Net.
11:27 of 3rd period - Shot by Mike Santorelli.
11:27 of 3rd period - Shot Blocked by Matt Donovan.
11:29 of 3rd period - Shot by Damien Brunner.
11:29 of 3rd period - Stopped by Michal Neuvirth with a rebound.
11:36 of 3rd period - Kyle Brodziak is hit by Michal Rozsival and loses puck.
11:39 of 3rd period - Shot by Kyle Brodziak.
11:39 of 3rd period - Shot Misses the Net.
11:41 of 3rd period - Shot by Kyle Brodziak.
11:41 of 3rd period - Stopped by Michal Neuvirth with a rebound.
11:43 of 3rd period - Shot by Kyle Brodziak.
11:43 of 3rd period - Shot Misses the Net.
11:45 of 3rd period - Shot by Kyle Brodziak.
11:45 of 3rd period - Stopped by Michal Neuvirth with a rebound.
12:06 of 3rd period - Icing by Dan Boyle.
12:07 of 3rd period - Steve Ott wins face-off versus Mike Ribeiro in Flyers zone.
12:22 of 3rd period - Shot by Johan Franzen.
12:22 of 3rd period - Stopped by Craig Anderson without a rebound.
12:23 of 3rd period - Olli Jokinen wins face-off versus Tommy Wingels in Flyers zone.
12:23 of 3rd period - Olli Jokinen is hit by Scott Hartnell.
12:39 of 3rd period - Shot by Scottie Upshall.
12:39 of 3rd period - Stopped by Craig Anderson without a rebound.
12:40 of 3rd period - Kyle Brodziak wins face-off versus Wayne Simmonds in Flyers zone.
12:50 of 3rd period - Johan Franzen is hit by Carlo Colaiacovo and loses puck.
13:13 of 3rd period - Shot by Darren Helm.
13:13 of 3rd period - Shot Misses the Net.
13:15 of 3rd period - Shot by Wayne Simmonds.
13:15 of 3rd period - Stopped by Craig Anderson without a rebound.
13:16 of 3rd period - Mike Ribeiro wins face-off versus Tommy Wingels in Flyers zone.
13:57 of 3rd period - Shot by Daniel Sedin.
13:57 of 3rd period - Stopped by Michal Neuvirth without a rebound.
13:58 of 3rd period - Darren Helm wins face-off versus Kyle Brodziak in Devils zone.
14:00 of 3rd period - Icing by Wayne Simmonds.
14:01 of 3rd period - Johan Franzen wins face-off versus Mike Santorelli in Devils zone.
14:25 of 3rd period - Darren Helm is hit by Mike Santorelli and loses puck.
14:55 of 3rd period - Marc-Edouard Vlasic is hit by Kyle Brodziak and loses puck.
15:24 of 3rd period - Shot by Daniel Sedin.
15:24 of 3rd period - Stopped by Michal Neuvirth with a rebound.
16:07 of 3rd period - Nathan Gerbe is hit by Willie Mitchell and loses puck.
16:14 of 3rd period - Shot by Brian Gibbons.
16:14 of 3rd period - Shot Misses the Net.
16:16 of 3rd period - Shot by Tom Gilbert.
16:16 of 3rd period - Stopped by Michal Neuvirth without a rebound.
16:17 of 3rd period - Olli Jokinen wins face-off versus Ales Hemsky in Devils zone.
16:26 of 3rd period - Shot by Daniel Sedin.
16:26 of 3rd period - Shot Misses the Net.
17:21 of 3rd period - Mike Santorelli is hit by Steve Ott and loses puck.
17:30 of 3rd period - Off-side.
17:31 of 3rd period - Brian Gibbons wins face-off versus Tommy Wingels in neutral zone.
17:46 of 3rd period - Shot by Brian Gibbons.
17:46 of 3rd period - Stopped by Michal Neuvirth with a rebound.
17:54 of 3rd period - Shot by Trevor Daley.
17:54 of 3rd period - Stopped by Craig Anderson without a rebound.
17:55 of 3rd period - Mike Santorelli wins face-off versus Darren Helm in Flyers zone.
18:04 of 3rd period - Shot by Kyle Brodziak.
18:04 of 3rd period - Shot Misses the Net.
18:06 of 3rd period - Shot by Kyle Brodziak.
18:06 of 3rd period - Shot Blocked by Darren Helm.
18:12 of 3rd period - Shot by Mike Santorelli.
18:12 of 3rd period - Stopped by Michal Neuvirth without a rebound.
18:13 of 3rd period - Tommy Wingels wins face-off versus Brian Gibbons in Devils zone.
19:10 of 3rd period - Justin Schultz is hit by Brian Gibbons and loses puck.
19:28 of 3rd period - Icing by Brian Gibbons.
19:29 of 3rd period - Ales Hemsky wins face-off versus Brian Gibbons in Flyers zone.
19:36 of 3rd period - Shot by Ales Hemsky.
19:36 of 3rd period - Shot Blocked by Ryan Ellis.
19:38 of 3rd period - Shot by Matt Donovan.
19:38 of 3rd period - Stopped by Craig Anderson without a rebound.
19:39 of 3rd period - Mike Ribeiro wins face-off versus Steve Ott in Flyers zone.
19:51 of 3rd period - Shot by Wayne Simmonds.
19:51 of 3rd period - Stopped by Craig Anderson with a rebound.
19:53 of 3rd period - Shot by Patrick Wiercioch.
19:53 of 3rd period - Stopped by Craig Anderson without a rebound.
19:54 of 3rd period - Kyle Brodziak wins face-off versus Tommy Wingels in Flyers zone.
19:54 of 3rd period - Tom Gilbert is hit by Scott Hartnell and loses puck.
Goals for this period are 1 for Devils vs 1 for Flyers.
Shots for this period are 18 for Devils vs 13 for Flyers.

Overtime #1


0:01 of 1st overtime period - Kyle Brodziak wins face-off versus Tyler Johnson in neutral zone.
0:22 of 1st overtime period - Shot by Mike Ribeiro.
0:22 of 1st overtime period - Stopped by Michal Neuvirth without a rebound.
0:23 of 1st overtime period - Kyle Brodziak wins face-off versus Tyler Johnson in Devils zone.
0:23 of 1st overtime period - Mark Fistric is hit by Willie Mitchell and loses puck.
0:30 of 1st overtime period - Shot by Wayne Simmonds.
0:30 of 1st overtime period - Shot Misses the Net.
0:32 of 1st overtime period - Shot by Willie Mitchell.
0:32 of 1st overtime period - Stopped by Craig Anderson without a rebound.
0:33 of 1st overtime period - Kyle Brodziak wins face-off versus Tyler Johnson in Flyers zone.
0:46 of 1st overtime period - Off-side.
0:47 of 1st overtime period - Kyle Brodziak wins face-off versus Tyler Johnson in neutral zone.
1:40 of 1st overtime period - Shot by Daniel Sedin.
1:40 of 1st overtime period - Stopped by Michal Neuvirth without a rebound.
1:41 of 1st overtime period - Kyle Brodziak wins face-off versus Scott Hartnell in Devils zone.
1:41 of 1st overtime period - Tom Gilbert is hit by Marc-Edouard Vlasic and loses puck.
3:18 of 1st overtime period - Shot by Olli Jokinen.
3:18 of 1st overtime period - Shot Misses the Net.
4:05 of 1st overtime period - Shot by Ryan Ellis.
4:05 of 1st overtime period - Deflect By Gabriel Bourque.
4:05 of 1st overtime period - Stopped by Michal Neuvirth without a rebound.
4:06 of 1st overtime period - Tyler Johnson wins face-off versus Nathan Gerbe in Devils zone.
4:17 of 1st overtime period - Shot by Wayne Simmonds.
4:17 of 1st overtime period - Shot Misses the Net.
4:19 of 1st overtime period - Shot by Wayne Simmonds.
4:19 of 1st overtime period - Stopped by Craig Anderson without a rebound.
4:20 of 1st overtime period - Mike Ribeiro wins face-off versus Tyler Johnson in Flyers zone.
Goals for this period are 0 for Devils vs 0 for Flyers.
Shots for this period are 2 for Devils vs 3 for Flyers.

ShootOut


5:00 of 1st overtime period - Penalty Shot by Steve Ott for Devils.
5:00 of 1st overtime period - Stopped by Craig Anderson.
5:00 of 1st overtime period - Penalty Shot by Mike Ribeiro for Flyers.
5:00 of 1st overtime period - Shot Misses the Net.
5:00 of 1st overtime period - Penalty Shot by Wayne Simmonds for Devils.
5:00 of 1st overtime period - Stopped by Craig Anderson.
5:00 of 1st overtime period - Penalty Shot by Kyle Brodziak for Flyers.
5:00 of 1st overtime period - Stopped by Michal Neuvirth.
5:00 of 1st overtime period - Penalty Shot by Scott Hartnell for Devils.
5:00 of 1st overtime period - Stopped by Craig Anderson.
5:00 of 1st overtime period - Penalty Shot by Daniel Sedin for Flyers.
5:00 of 1st overtime period - Goal by Daniel Sedin.


Output by the SimonT Hockey Simulator (STHS) for Stephane Roy -- Original Page W3C XHTML 1.0 Valid
Hockey Simulator - Hockey Simulation - Hockey Manager